 Dungeon Crawl Stone Soup version 0.31-a0-233-g139696dc86 (webtiles) character file.

Game seed: 6311064322189293408

413 garrulousMonolith the Magician (level 6, -2/44 HPs)
             Began as a Gnoll Hedge Wizard on July 10, 2023.
             Killed from afar by a white imp (7 damage)
             ... with a puff of frost
             ... on level 5 of the Dungeon.
             The game lasted 00:06:28 (4146 turns).

garrulousMonolith the Magician (Gnoll Hedge Wizard) Turns: 4146, Time: 00:06:29

Health: -2/44      AC: 10    Str: 10    XL:     6   Next: 91%
Magic:  12/16      EV: 11    Int: 15    God:
Gold:   197        SH:  0    Dex: 11    Spells: 15/20 levels left

rFire   + . .        a - +0 dagger
rCold   . . .        (no shield)
rNeg    . . .        e - +2 ring mail {Will+}
rPois   .            t - +0 helmet
rElec   .            (no cloak)
rCorr   .            k - +0 pair of gloves
SInv    .            i - +0 pair of boots
Will    +....        (no amulet)
Stlth   ++           p - ring of protection from fire
HPRegen 0.27/turn    (no ring)
MPRegen 0.15/turn

%: no passive effects
@: on blink cooldown, very slightly contaminated
A: fangs 1, strong nose, distributed training
a: no special abilities


You were on level 5 of the Dungeon.
You visited 1 branch of the dungeon, and saw 5 of its levels.

You collected 197 gold pieces.

Inventory:

Hand Weapons
 a - a +0 dagger (weapon)
 q - a +0 sling
Missiles
 l - 7 poisoned darts
 m - 2 curare-tipped darts
Armour
 e - a +2 ring mail of willpower (worn)
 i - a +0 pair of boots (worn)
 k - a +0 pair of gloves (worn)
 t - a +0 helmet (worn)
Jewellery
 p - a ring of protection from fire (left hand)
Scrolls
 b - a scroll of noise {unknown}
 c - 2 scrolls of teleportation {unknown}
 f - 2 scrolls of summoning {unknown}
 j - a scroll of amnesia {unknown}
 o - a scroll of identify {unknown}
 u - a scroll of blinking {unknown}
Potions
 g - a potion of brilliance {unknown}
 h - 2 potions of invisibility {unknown}
 n - a potion of lignification {unknown}
 r - 2 potions of might {unknown}
 s - a potion of curing {unknown}


   Skills:
 + Level 2.2 Fighting
 + Level 2.2 Short Blades
 + Level 2.2 Long Blades
 + Level 2.2 Axes
 + Level 2.2 Maces & Flails
 + Level 2.2 Polearms
 + Level 2.2 Staves
 + Level 2.2 Ranged Weapons
 + Level 2.2 Throwing
 + Level 2.2 Armour
 + Level 5.1 Dodging
 + Level 4.7 Stealth
 + Level 2.2 Shields
 + Level 2.2 Unarmed Combat
 + Level 7.5 Spellcasting
 + Level 2.8 Conjurations
 + Level 1.8 Hexes
 + Level 2.8 Summonings
 + Level 1.8 Necromancy
 + Level 2.8 Translocations
 + Level 1.8 Transmutations
 + Level 1.8 Fire Magic
 + Level 1.8 Ice Magic
 + Level 1.8 Air Magic
 + Level 1.8 Earth Magic
 + Level 1.8 Poison Magic
 + Level 2.5 Invocations
 + Level 2.2 Evocations


You had 15 spell levels left.
You knew the following spells:

 Your Spells              Type           Power      Damage    Failure   Level
a - Magic Dart            Conj           56%        1d5       10%         1
b - Call Imp              Summ           28%        N/A       16%         2
c - Blink                 Tloc           28%        N/A       16%         2

Your spell library contained the following spells:

 Spells                   Type           Power      Damage    Failure   Level
 Slow                     Hex            44%        N/A       16%         1
 Cigotuvi's Dreadful Rot  Necr/Pois/Air  22%        N/A       22%         2
 Poisonous Vapours        Pois/Air       22%        N/A       22%         2
 Mephitic Cloud           Conj/Pois/Air  12%        N/A       36%         3
 Freezing Cloud           Conj/Ice/Air   6%         6-21      98%         5
 Storm Form               Tmut/Air       5%         N/A       100%        7
 Maxwell's Capacitive Co  Air            5%         ∞         100%        8


Dungeon Overview and Level Annotations

Branches:
Dungeon (5/15)
 Temple: D:4-7

Altars:
Ru
Wu Jian

Shops:
D:1 =


Innate Abilities, Weirdness & Mutations

You have very sharp teeth.
Your uncanny sense of smell can sniff out nearby items.
Your experience applies equally to all skills.


Message History

You barely miss the shadow imp.
The shadow imp is lightly wounded.
Your cerulean imp barely misses the ufetubus.
The shadow imp hits you but does no damage.
The shadow imp barely misses you. x2
You barely miss the shadow imp.
The shadow imp is lightly wounded.
The ufetubus barely misses your cerulean imp.
The ufetubus hits your cerulean imp.
Your cerulean imp closely misses the ufetubus.
The shadow imp barely misses you. The shadow imp closely misses you.
The shadow imp shouts, "Remove thy stench, thou errant saucy whey-face!"
The shadow imp hits you.
* * * LOW HITPOINT WARNING * * *
The ufetubus hits your cerulean imp.
Your cerulean imp dies!
Your cerulean imp disappears in a puff of smoke!
You barely miss the shadow imp.
The shadow imp is lightly wounded.
The shadow imp hits you but does no damage. x2
The shadow imp hits you.
* * * LOW HITPOINT WARNING * * *
Magic courses through your body. The shadow imp misses you.
The shadow imp hits you but does no damage. x2
Casting: Magic Dart (safe; 10% risk of failure)
Confirm with . or Enter, or press ? or * to list all spells.
You blink.
The white imp gestures at you. The puff of frost hits you.
* * * LOW HITPOINT WARNING * * *
Casting: Blink (safe; 16% risk of failure)
Confirm with . or Enter, or press ? or * to list all spells.
You miscast Call Imp.
You are very lightly contaminated with residual magic.
Nothing appears to happen.
The shadow imp gestures at you. You resist with some effort.
The white imp gestures at you. The puff of frost hits you!
You die...

#.##...##...###
#+##...##...#
#...........#
#...........'. ∆
#............5.
+......##.......
#.##...#...§...#
######...# .§§
#§55..@..# .§
#..5.....# ∆
#.55.....#
##########


You could see a white imp, 3 shadow imps and an ufetubus.

Vanquished Creatures
  Sigmund (D:4)
  A hound (D:5)
  An iguana (D:4)
  5 adders
  A shadow imp (D:5)
  A worm (D:2)
  2 dart slugs
  3 orcs
  8 ball pythons
  7 endoplasms
  2 giant cockroaches
  14 goblins
  10 hobgoblins
  6 jackals
  4 quokkas
  6 bats
  6 frilled lizards
  5 kobolds
  5 rats
88 creatures vanquished.

Vanquished Creatures (collateral kills)
  A sleepcap (D:4)
  Robin (D:3)
  5 goblins
  A hobgoblin (D:4)
8 creatures vanquished.

Grand Total: 96 creatures vanquished

Notes
Turn   | Place    | Note
-------+----------+-------------------------------------------
     0 | D:1      | garrulousMonolith the Gnoll Hedge Wizard began the quest
                  | for the Orb.
     0 | D:1      | Reached XP level 1. HP: 13/13 MP: 8/8
   275 | D:1      | Reached XP level 2. HP: 16/20 MP: 1/10
   794 | D:1      | Found Quhoh's Jewellery Shop.
   849 | D:1      | Learned a level 2 spell: Call Imp
   852 | D:1      | Learned a level 2 spell: Blink
  1152 | D:2      | Found a faded altar of an unknown god.
  1189 | D:2      | Reached XP level 3. HP: 25/25 MP: 7/11
  1530 | D:2      | Reached skill level 1 in Invocations
  1991 | D:2      | Reached skill level 1 in Fighting
  1991 | D:2      | Reached skill level 1 in Short Blades
  1991 | D:2      | Reached skill level 1 in Long Blades
  1991 | D:2      | Reached skill level 1 in Axes
  1991 | D:2      | Reached skill level 1 in Maces & Flails
  1991 | D:2      | Reached skill level 1 in Polearms
  1991 | D:2      | Reached skill level 1 in Staves
  1991 | D:2      | Reached skill level 1 in Ranged Weapons
  1991 | D:2      | Reached skill level 1 in Throwing
  1991 | D:2      | Reached skill level 1 in Armour
  1991 | D:2      | Reached skill level 1 in Shields
  1991 | D:2      | Reached skill level 1 in Unarmed Combat
  1991 | D:2      | Reached skill level 1 in Evocations
  2238 | D:3      | Reached XP level 4. HP: 30/32 MP: 1/13
  2572 | D:3      | Reached skill level 1 in Hexes
  2572 | D:3      | Reached skill level 1 in Necromancy
  2572 | D:3      | Reached skill level 1 in Transmutations
  2572 | D:3      | Reached skill level 1 in Fire Magic
  2572 | D:3      | Reached skill level 1 in Ice Magic
  2572 | D:3      | Reached skill level 1 in Air Magic
  2572 | D:3      | Reached skill level 1 in Earth Magic
  2572 | D:3      | Reached skill level 1 in Poison Magic
  2762 | D:3      | Noticed Robin
  2791 | D:3      | Killed Robin
  2945 | D:3      | Reached XP level 5. HP: 37/37 MP: 7/14
  2994 | D:3      | Found an ornate altar of the Wu Jian Council.
  3257 | D:4      | Noticed Sigmund
  3289 | D:4      | Killed Sigmund
  3290 | D:4      | Reached skill level 5 in Dodging
  3290 | D:4      | Reached XP level 6. HP: 24/44 MP: 0/16
  3457 | D:4      | Noticed an orc warrior
  3477 | D:4      | Found a sacrificial altar of Ru.
  4111 | D:5      | Entered Level 5 of the Dungeon
  4146 | D:5      | Killed from afar by a white imp

Illustrated notes

Levels and vault maps discovered:
D:1:      minmay_arrival_three_doors, layout_rooms, serial_shops,
          nicolae_shop_statue_plus, minmay_misc_feat_more_columns,
          serial_park_tiny_1
D:2:      layout_loops_ring, hellmonk_ecumenical_altar_prayer_group,
          minmay_tree_intersection
D:3:      layout_rooms, nicolae_wu_jian_wuxing_cycle, uniq_robin
D:4:      layout_rooms, hangedman_ru_absence, uniq_sigmund
D:5:      layout_gridville, nicolae_gozag_zags_fifth_avenue, serial_demonic,
          serial_demonic_b, serial_demonic_a, serial_demonic_b,
          serial_demonic_e, serial_demonic_e, serial_demonic_b,
          serial_demonic_a, serial_demonic_d, serial_demonic_d,
          serial_demonic_a, hangedman_decor_push, minivault_4

Skill      XL: |  1  2  3  4  5 |
---------------+----------------+-----
Conjurations   | 2 |  2.8
Summonings     | 2 |  2.8
Translocations | 2 |  2.8
Invocations    | 1 2 |  2.5
Fighting       | 1 2 |  2.2
Short Blades   | 1 2 |  2.2
Long Blades    | 1 2 |  2.2
Axes           | 1 2 |  2.2
Maces & Flails | 1 2 |  2.2
Polearms       | 1 2 |  2.2
Staves         | 1 2 |  2.2
Ranged Weapons | 1 2 |  2.2
Throwing       | 1 2 |  2.2
Armour         | 1 2 |  2.2
Shields        | 1 2 |  2.2
Unarmed Combat | 1 2 |  2.2
Evocations     | 1 2 |  2.2
Hexes          | 1 |  1.8
Necromancy     | 1 |  1.8
Transmutations | 1 |  1.8
Fire Magic     | 1 |  1.8
Ice Magic      | 1 |  1.8
Air Magic      | 1 |  1.8
Earth Magic    | 1 |  1.8
Poison Magic   | 1 |  1.8
Dodging        | 5 |  5.1
Stealth        | |  4.7
Spellcasting   | |  7.5

Action                     |  1- 3 |  4- 6 || total
---------------------------+-------+-------++-------
  Melee: Dagger            |    29 |    67 ||    96
         Bite              |     1 |     7 ||     8
         Punch             |     1 |     3 ||     4
   Cast: Magic Dart        |   106 |   133 ||   239
         Call Imp          |       |    10 ||    10
         Blink             |       |     2 ||     2
    Use: Potion            |       |     1 ||     1
 Armour: Robe              |     5 |       ||     5
         Ring mail         |    17 |    83 ||   100
  Dodge: Dodged            |    35 |   103 ||   138

Table legend: (Time is in decaauts)
 A = Elapsed time spent in this place.
 B = Non-inter-level travel time spent in this place.
 C = Inter-level travel time spent in this place.
 D = Time resting spent in this place.
 E = Time spent auto-exploring this place.
 F = Levels seen in this place.
 G = Mean time per level.
                   A        B        C        D        E       F      G
               +--------+--------+--------+--------+--------+-----+--------+
         Total |   4140 |   4048 |     92 |    758 |   2456 |   5 |  828.0 |
       Dungeon |   4140 |   4048 |     92 |    758 |   2456 |   5 |  828.0 |
               +--------+--------+--------+--------+--------+-----+--------+

Top non-repeatable levels by time:
     D:2: 1302 daAuts
     D:3: 962 daAuts
     D:4: 958 daAuts
     D:1: 883 daAuts
     D:5: 34 daAuts
